 Dungeon Crawl Stone Soup version 0.29.1-12-g30fa7ad0bf (webtiles) character file.

Game seed: 2022258765031835768

58 cowcol the Chopper (level 3, -2/30 HPs)
             Began as a Minotaur Gladiator on Dec 23, 2022.
             Succumbed to a goblin's poison
             ... on level 2 of the Dungeon.
             The game lasted 00:04:07 (1214 turns).

cowcol the Chopper (Minotaur Gladiator)             Turns: 1214, Time: 00:04:07

Health: -2/30      AC:  6    Str: 20    XL:     3   Next: 75%
Magic:  2/2        EV: 11    Int:  5    God:
Gold:   85         SH:  0    Dex: 11    Spells: 2/2 levels left

rFire   . . .      SeeInvis .   i - +0 long sword
rCold   . . .      Faith    .   (no shield)
rNeg    . . .      Spirit   .   l - +0 ring mail
rPois   .          Reflect  .   c - +1 hat
rElec   .          Harm     .   (no cloak)
rCorr   .          Rampage  .   (no gloves)
Will    .....                   (no boots)
Stlth   +.........              (no amulet)
HPRegen 0.10/turn               (no ring)
MPRegen 0.08/turn               (no ring)

@: lethally poisoned (-2 -> -21)
A: horns 2, retaliatory headbutt
a: no special abilities


You were on level 2 of the Dungeon.
You visited 1 branch of the dungeon, and saw 2 of its levels.

You collected 85 gold pieces.

Inventory:

Hand Weapons
 a - a +0 war axe
 i - a +0 long sword (weapon)
 j - a +0 spear
 m - a +0 dagger
Missiles
 d - 2 throwing nets (quivered)
 e - a javelin
 k - 9 poisoned darts
Armour
 b - a +0 leather armour
 c - a +1 hat (worn)
 l - a +0 ring mail (worn)
Scrolls
 g - a scroll of noise {unknown}
 h - a scroll of torment {unknown}
 p - a scroll of teleportation
Potions
 f - a potion of brilliance {unknown}
 n - a potion of curing {unknown}
 o - a potion of might {unknown}
 q - a potion of invisibility {unknown}


   Skills:
 + Level 2.8 Fighting
 * Level 1.4 Long Blades
 + Level 4.4 Axes
 + Level 2.0 Throwing
 * Level 1.5 Armour
 + Level 3.7 Dodging


You had 2 spell levels left.
You didn't know any spells.
Your spell library was empty.

Dungeon Overview and Level Annotations

Branches:
Dungeon (2/15)

Altars:

Shops:
D:2 (


Innate Abilities, Weirdness & Mutations

You have a pair of horns on your head.
You reflexively headbutt those who attack you in melee.


Message History

An adder comes into view.
There are monsters nearby!
You miss the adder.
The adder bites you but does no damage. x2
You closely miss the adder. The adder bites you but does no damage.
The adder bites you.
You are poisoned.
The adder poisons you!
You hit the adder but do no damage.
You headbutt the adder, but do no damage.
You feel sick. The adder closely misses you.
You closely miss the adder. You headbutt the adder.
The adder is moderately wounded.
You feel sick.
The adder barely misses you. x2; You furiously retaliate!
You headbutt the adder!
You kill the adder!
Your Armour skill increases to level 1!
You closely miss the goblin. Your headbutt misses the goblin.
You feel sick.
The goblin hits you with a +2 dagger of venom.
You are more poisoned.
You barely miss the goblin.
You feel very sick.
The goblin hits you with a +2 dagger of venom.
You closely miss the goblin.
You feel sick. The goblin hits you but does no damage.
You are lethally poisoned!
The goblin misses you.
You barely miss the goblin. Your headbutt misses the goblin.
* * * LOW HITPOINT WARNING * * *
You feel very sick. The goblin closely misses you.
The goblin hits you with a +2 dagger of venom.
* * * LOW HITPOINT WARNING * * *
You are more poisoned.
The goblin attacks as you move away! The goblin barely misses you.
You furiously retaliate!
You headbutt the goblin.
You kill the goblin!
* * * LOW HITPOINT WARNING * * *
You feel very sick. The goblin barely misses you.
You die...

#.#.# #.# #)#
#)#.#######.# #.#
...)........# #.#
..#.######### #.#
..#.# #.#
.##.#####...####)#
#..............g.#
.########...##.#.#
.# #.#@# .###### #
#.# #.....# #.#
∩####.# ..# .# ..#
.# ..## .# .# .#
.. .##..


You could see a goblin.

Vanquished Creatures
  2 adders (D:2)
  A worm (D:2)
  A dart slug (D:1)
  2 ball pythons
  2 endoplasms
  4 giant cockroaches
  4 goblins (D:2)
  6 jackals (D:1)
  A quokka (D:2)
  3 bats (D:1)
  A frilled lizard (D:2)
  A kobold (D:2)
  5 rats (D:1)
33 creatures vanquished.

Notes
Turn   | Place    | Note
-------+----------+-------------------------------------------
     0 | D:1      | cowcol the Minotaur Gladiator began the quest for the Orb.
     0 | D:1      | Reached XP level 1. HP: 18/18 MP: 0/0
   267 | D:1      | Reached skill level 4 in Axes
   267 | D:1      | Reached XP level 2. HP: 25/25 MP: 1/1
   559 | D:1      | Found a faded altar of an unknown god.
   861 | D:2      | Reached XP level 3. HP: 26/30 MP: 2/2
   904 | D:2      | Reached skill level 1 in Long Blades
  1090 | D:2      | Found Tiurromp's Antique Weapon Boutique.
  1209 | D:2      | Reached skill level 1 in Armour
  1214 | D:2      | Succumbed to a goblin's poison

Illustrated notes

Levels and vault maps discovered:
D:1:      beargit_arrival_diablo_church, layout_basic,
          ebering_ecumenical_altar_petrified
D:2:      layout_loops_ring, serial_shops, shop

Skill      XL: |  1  2  3 |
---------------+----------+-----
Axes           | 4 |  4.4
Long Blades    | 1 |  1.4
Armour         | 1 |  1.5
Fighting       | |  2.8
Throwing       | |  2.0
Dodging        | |  3.7

Action                   || total
-------------------------++-------
Melee: War axe           ||    55
       Headbutt          ||     7
       Long sword        ||    13
       Punch             ||     1
Throw: Throwing net      ||     1
  Use: Scroll            ||     5
Armor: Ring mail         ||    34
Dodge: Dodged            ||    44
